General information
- name: BNet
- type: Ladder team game (AT/RT)
- host: Battle.net
- saver: BEAR_AND
map: Slalom
- players: 8
- length: 34:24
- speed: Fast
- version: 1.21 W3XP
- replay type:

» download(261 KB)
Players
team 1 (loser)
BALKANer (
yellow | 68 APM | 1851 actions | 27:16)
4 Death Knight
2 Death Coil
2 Unholy Aura
» actions
| Assign group hotkey | 37 | |
| Basic commands | 3 | |
| Build / train | 47 | |
| Enter build submenu | 15 | |
| Enter hero's abilities submenu | 5 | |
| Give item / drop item | 1 | |
| Right click | 927 | |
| Select / deselect | 233 | |
| Select group hotkey | 532 | |
| Use ability | 51 | |
1851 total
» units
| Acolyte | 9 | |
| Ghoul | 4 | |
| Frost Wyrm | 22 | |
35 total
» upgrades
| Creature Attack | 2 | |
| Creature Carapace | 1 | |
| Freezing Breath | 1 | |
4 total
» buildings
| Crypt | 1 | |
| Ziggurat | 6 | |
| Altar of Darkness | 1 | |
| Graveyard | 1 | |
| Tomb of Relics | 1 | |
| Halls of the Dead | 1 | |
| Black Citadel | 1 | |
| Sacrificial Pit | 1 | |
| Boneyard | 3 | |
16 total
» build order
00:29 Crypt
00:31 Ziggurat
01:03 Altar of Darkness
01:48 Graveyard
01:53 Ziggurat
02:42 Tomb of Relics
03:22 Halls of the Dead
04:19 Ziggurat
04:23 Ziggurat
05:43 Black Citadel
05:46 Sacrificial Pit
06:12 Ziggurat
06:18 Ziggurat
08:05 Boneyard
08:07 Boneyard
08:10 Boneyard

»
Bob-bo (
teal | 31 APM | 908 actions | 29:24)
2 Tauren Chieftain
1 Endurance Aura
1 War Stomp
2 Blademaster
1 Wind Walk
1 Critical Strike
» actions
| Assign group hotkey | 16 | |
| Basic commands | 15 | |
| Build / train | 38 | |
| Enter build submenu | 26 | |
| Enter hero's abilities submenu | 5 | |
| Right click | 520 | |
| Select / deselect | 246 | |
| Select group hotkey | 7 | |
| Use ability | 34 | |
908 total
» units
| Peon | 13 | |
| Wind Rider | 7 | |
| Demolisher | 1 | |
21 total
» upgrades
| Armor | 3 | |
| Ranged Weapons | 3 | |
| Envenomed Spears | 1 | |
| Burning Oil | 1 | |
8 total
» buildings
| Altar of Storms | 1 | |
| Orc Burrow | 9 | |
| War Mill | 1 | |
| Stronghold | 1 | |
| Barracks | 4 | |
| Voodoo Lounge | 1 | |
| Fortress | 1 | |
| Beastiary | 3 | |
| Great Hall | 1 | |
22 total
» build order
00:07 Altar of Storms
00:12 Orc Burrow
01:14 Orc Burrow
01:51 Orc Burrow
02:20 War Mill
02:53 Orc Burrow
04:09 Stronghold
04:16 Barracks
04:31 Voodoo Lounge
05:42 Orc Burrow
05:46 Orc Burrow
07:27 Fortress
07:33 Beastiary
07:38 Beastiary
09:41 Beastiary
09:45 Orc Burrow
11:48 Orc Burrow
11:52 Orc Burrow
21:32 Great Hall
25:36 Barracks
25:48 Barracks
25:54 Barracks
» items

»
FGH (
purple | 50 APM | 1725 actions | 34:23)
4 Death Knight
2 Death Coil
2 Unholy Aura
2 Lich
1 Frost Nova
1 Frost Armor
» actions
| Assign group hotkey | 435 | |
| Basic commands | 14 | |
| Build / train | 80 | |
| Enter build submenu | 16 | |
| Enter hero's abilities submenu | 6 | |
| Remove unit from queue | 2 | |
| Right click | 808 | |
| Select / deselect | 245 | |
| Select group hotkey | 64 | |
| Use ability | 55 | |
1725 total
» units
| Acolyte | 16 | |
| Ghoul | 2 | |
| Crypt Fiend | 18 | |
| Obsidian Statue | 9 | |
| Abomination | 2 | |
| Gargoyle | 6 | |
| Meatwagon | 3 | |
56 total
» upgrades
| Creature Attack | 2 | |
| Creature Carapace | 2 | |
| Web | 1 | |
| Burrow | 1 | |
| Disease Cloud | 1 | |
| Destroyer Form | 1 | |
8 total
» buildings
| Altar of Darkness | 1 | |
| Ziggurat | 8 | |
| Crypt | 1 | |
| Graveyard | 1 | |
| Halls of the Dead | 1 | |
| Slaughterhouse | 2 | |
| Tomb of Relics | 1 | |
| Black Citadel | 1 | |
| Spirit Tower | 2 | |
| Nerubian Tower | 1 | |
19 total
» build order
00:14 Altar of Darkness
00:18 Ziggurat
00:36 Crypt
01:16 Graveyard
01:32 Ziggurat
02:20 Ziggurat
04:10 Halls of the Dead
10:10 Slaughterhouse
10:41 Ziggurat
11:17 Tomb of Relics
11:38 Ziggurat
15:26 Ziggurat
15:29 Ziggurat
15:54 Black Citadel
17:36 Spirit Tower
17:40 Ziggurat
18:37 Slaughterhouse
18:48 Nerubian Tower
29:35 Spirit Tower

»
petey. (
blue | 49 APM | 1367 actions | 27:37)
4 Archmage
2 Blizzard
2 Brilliance Aura
2 Paladin
1 Holy Light
1 Devotion Aura
» actions
| Basic commands | 2 | |
| Build / train | 58 | |
| Enter build submenu | 18 | |
| Enter hero's abilities submenu | 6 | |
| Remove unit from queue | 1 | |
| Right click | 837 | |
| Select / deselect | 391 | |
| Use ability | 54 | |
1367 total
» units
| Peasant | 8 | |
| Footman | 3 | |
| Mortar Team | 10 | |
| Siege Engine | 14 | |
35 total
» upgrades
| Plating | 2 | |
| Lumber Harvesting | 1 | |
| Gunpowder | 2 | |
| Barrage | 1 | |
| Fragmentation Shards | 1 | |
7 total
» buildings
| Altar of Kings | 1 | |
| Farm | 9 | |
| Barracks | 1 | |
| Lumber Mill | 1 | |
| Scout Tower | 2 | |
| Keep | 1 | |
| Arcane Tower | 1 | |
| Guard Tower | 1 | |
| Blacksmith | 1 | |
| Castle | 1 | |
| Workshop | 2 | |
21 total
» build order
00:07 Altar of Kings
00:15 Farm
00:51 Farm
01:27 Farm
01:49 Barracks
02:05 Lumber Mill
02:30 Scout Tower
02:49 Keep
03:02 Scout Tower
03:06 Arcane Tower
03:28 Guard Tower
03:46 Blacksmith
04:15 Farm
05:12 Castle
05:18 Workshop
05:54 Farm
06:24 Workshop
08:25 Farm
09:19 Farm
11:34 Farm
11:36 Farm
» items
| Rod of Necromancy | 1 | |
| Potion of Healing | 1 | |
2 total
team 2 (winner)
BEAR_AND (
red | 111 APM | 3825 actions | 34:24)
4 Pandaren Brewmaster
2 Breath of Fire
2 Drunken Haze
4 Pit Lord
2 Rain of Fire
2 Cleaving Attack
3 Goblin Tinker
2 Cluster Rockets
1 Engineering Upgrade
» actions
| Assign group hotkey | 5 | |
| Build / train | 112 | |
| Enter build submenu | 64 | |
| Enter hero's abilities submenu | 12 | |
| Give item / drop item | 14 | |
| Right click | 2286 | |
| Select / deselect | 704 | |
| Select group hotkey | 388 | |
| Use ability | 238 | |
3825 total
» units
» upgrades
| Masonry | 3 | |
| Lumber Harvesting | 2 | |
| Priest Training | 2 | |
| Magic Sentry | 1 | |
| Swords | 1 | |
| Armor | 1 | |
| Animal War Training | 1 | |
11 total
» buildings
| Lumber Mill | 3 | |
| Altar of Kings | 1 | |
| Farm | 5 | |
| Scout Tower | 67 | |
| Guard Tower | 39 | |
| Arcane Tower | 3 | |
| Arcane Vault | 1 | |
| Keep | 1 | |
| Castle | 1 | |
| Arcane Sanctum | 1 | |
| Town Hall | 2 | |
| Blacksmith | 1 | |
| Barracks | 1 | |
| Gryphon Aviary | 2 | |
128 total
» build order
00:58 Lumber Mill
01:03 Lumber Mill
01:22 Altar of Kings
01:27 Farm
01:29 Farm
01:36 Scout Tower
01:37 Scout Tower
02:09 Guard Tower
02:09 Arcane Tower
02:20 Scout Tower
02:41 Scout Tower
02:52 Guard Tower
03:07 Scout Tower
03:10 Guard Tower
03:13 Scout Tower
03:25 Scout Tower
03:38 Guard Tower
03:43 Scout Tower
03:54 Guard Tower
04:13 Guard Tower
04:24 Guard Tower
05:19 Arcane Vault
05:23 Keep
05:29 Farm
05:32 Scout Tower
06:01 Guard Tower
06:30 Scout Tower
06:31 Scout Tower
06:32 Scout Tower
06:33 Scout Tower
06:36 Scout Tower
06:47 Scout Tower
06:48 Scout Tower
06:49 Scout Tower
07:00 Arcane Tower
07:02 Guard Tower
07:08 Guard Tower
07:09 Scout Tower
07:22 Guard Tower
07:54 Guard Tower
07:55 Guard Tower
07:55 Guard Tower
07:56 Scout Tower
08:04 Scout Tower
08:05 Scout Tower
08:06 Scout Tower
08:06 Scout Tower
08:13 Arcane Tower
08:14 Guard Tower
08:18 Lumber Mill
08:33 Guard Tower
08:33 Guard Tower
08:36 Scout Tower
09:06 Guard Tower
09:06 Guard Tower
09:07 Guard Tower
09:24 Scout Tower
09:57 Guard Tower
10:04 Scout Tower
10:06 Scout Tower
10:07 Scout Tower
10:07 Scout Tower
10:09 Scout Tower
10:26 Castle
10:46 Arcane Sanctum
11:00 Guard Tower
11:01 Guard Tower
11:01 Guard Tower
11:07 Guard Tower
11:12 Guard Tower
12:14 Scout Tower
12:15 Scout Tower
12:17 Scout Tower
12:17 Scout Tower
12:18 Scout Tower
12:18 Scout Tower
12:24 Farm
12:26 Farm
14:30 Scout Tower
14:31 Scout Tower
14:33 Scout Tower
15:01 Guard Tower
15:13 Town Hall
15:54 Guard Tower
15:57 Scout Tower
15:58 Scout Tower
16:01 Scout Tower
16:02 Scout Tower
16:05 Guard Tower
16:06 Guard Tower
16:36 Guard Tower
18:17 Scout Tower
18:18 Scout Tower
18:19 Scout Tower
18:22 Scout Tower
18:23 Scout Tower
18:24 Scout Tower
18:24 Scout Tower
18:29 Scout Tower
18:30 Scout Tower
18:48 Guard Tower
18:53 Guard Tower
19:26 Guard Tower
19:32 Guard Tower
19:36 Scout Tower
19:37 Scout Tower
19:38 Scout Tower
19:39 Scout Tower
19:41 Scout Tower
19:42 Scout Tower
19:44 Scout Tower
19:44 Scout Tower
19:45 Scout Tower
19:46 Scout Tower
19:46 Scout Tower
20:20 Guard Tower
20:24 Scout Tower
20:25 Scout Tower
21:43 Scout Tower
23:15 Scout Tower
23:21 Town Hall
24:30 Guard Tower
26:07 Blacksmith
26:08 Barracks
26:10 Gryphon Aviary
31:32 Gryphon Aviary
» items
| Healing Salve | 1 | |
| Lesser Clarity Potion | 2 | |
| Boots of Speed | 2 | |
| Staff of Teleportation | 3 | |
| Potion of Healing | 3 | |
| Staff of Sanctuary | 3 | |
| Orb of Lightning | 3 | |
| Potion of Lesser Invulnerability | 2 | |
19 total
Gobiner (
pink | 50 APM | 1734 actions | 34:24)
5 Tauren Chieftain
3 Shockwave
2 Endurance Aura
4 Pandaren Brewmaster
2 Breath of Fire
2 Drunken Brawler
» actions
| Assign group hotkey | 36 | |
| Basic commands | 49 | |
| Build / train | 64 | |
| ESC pressed | 10 | |
| Enter build submenu | 42 | |
| Enter hero's abilities submenu | 11 | |
| Give item / drop item | 5 | |
| Right click | 718 | |
| Select / deselect | 218 | |
| Select group hotkey | 394 | |
| Use ability | 187 | |
1734 total
» units
» upgrades
| Spiked Barricades | 1 | |
| Reinforced Defenses | 1 | |
| Armor | 3 | |
| Liquid Fire | 1 | |
| Ranged Weapons | 2 | |
8 total
» buildings
| Altar of Storms | 3 | |
| Orc Burrow | 4 | |
| War Mill | 1 | |
| Watch Tower | 44 | |
| Stronghold | 1 | |
| Voodoo Lounge | 2 | |
| Fortress | 1 | |
| Beastiary | 2 | |
| Great Hall | 1 | |
59 total
» build order
00:08 Altar of Storms
00:19 Orc Burrow
00:34 War Mill
01:50 Watch Tower
02:09 Orc Burrow
02:42 Watch Tower
02:51 Watch Tower
03:16 Watch Tower
03:38 Watch Tower
04:01 Watch Tower
04:48 Watch Tower
04:49 Watch Tower
04:49 Stronghold
05:29 Watch Tower
05:30 Watch Tower
06:02 Voodoo Lounge
06:07 Voodoo Lounge
06:37 Watch Tower
06:53 Orc Burrow
06:54 Orc Burrow
07:12 Fortress
07:25 Watch Tower
08:15 Watch Tower
08:17 Watch Tower
08:43 Watch Tower
09:34 Watch Tower
09:55 Watch Tower
09:57 Watch Tower
10:00 Watch Tower
11:16 Beastiary
11:51 Beastiary
11:54 Watch Tower
14:32 Watch Tower
15:25 Watch Tower
18:22 Watch Tower
18:27 Watch Tower
20:01 Great Hall
20:04 Watch Tower
20:04 Watch Tower
20:05 Watch Tower
20:07 Watch Tower
20:07 Watch Tower
20:08 Watch Tower
20:08 Watch Tower
20:32 Watch Tower
20:32 Watch Tower
23:23 Watch Tower
23:24 Watch Tower
23:25 Watch Tower
23:25 Watch Tower
23:27 Watch Tower
23:28 Watch Tower
23:28 Watch Tower
23:31 Watch Tower
23:33 Watch Tower
23:34 Watch Tower
23:36 Watch Tower
31:53 Altar of Storms
31:54 Altar of Storms
» items
| Staff of Teleportation | 2 | |
| Boots of Speed | 2 | |
| Healing Salve | 2 | |
| Orb of Lightning | 2 | |
| Staff of Sanctuary | 2 | |
| Circlet of Nobility | 1 | |
11 total
iggy_the_fisk (
orange | 140 APM | 4820 actions | 34:24)
4 Shadow Hunter
2 Hex
2 Healing Wave
4 Tauren Chieftain
2 War Stomp
2 Endurance Aura
4 Goblin Tinker
2 Cluster Rockets
2 Engineering Upgrade
» actions
| Assign group hotkey | 322 | |
| Basic commands | 6 | |
| Build / train | 94 | |
| Enter build submenu | 49 | |
| Enter hero's abilities submenu | 12 | |
| Give item / drop item | 1 | |
| Remove unit from queue | 4 | |
| Right click | 1917 | |
| Select / deselect | 298 | |
| Select group hotkey | 1891 | |
| Use ability | 226 | |
4820 total
» units
| Peon | 21 | |
| Kodo Beast | 1 | |
| Troll Batrider | 22 | |
44 total
» upgrades
» buildings
| Altar of Storms | 1 | |
| Orc Burrow | 4 | |
| War Mill | 1 | |
| Voodoo Lounge | 6 | |
| Watch Tower | 28 | |
| Stronghold | 1 | |
| Beastiary | 1 | |
| Fortress | 4 | |
| Barracks | 1 | |
| Spirit Lodge | 1 | |
| Great Hall | 1 | |
49 total
» build order
00:06 Altar of Storms
00:16 Orc Burrow
00:30 War Mill
01:26 Voodoo Lounge
02:29 Watch Tower
03:08 Stronghold
03:36 Orc Burrow
04:20 Watch Tower
04:49 Voodoo Lounge
05:25 Watch Tower
06:04 Watch Tower
06:21 Watch Tower
07:07 Beastiary
07:30 Watch Tower
07:34 Fortress
07:34 Fortress
07:34 Fortress
07:41 Voodoo Lounge
08:59 Watch Tower
09:13 Orc Burrow
09:22 Voodoo Lounge
09:35 Watch Tower
10:22 Voodoo Lounge
10:44 Barracks
10:47 Spirit Lodge
11:08 Orc Burrow
11:11 Watch Tower
12:31 Watch Tower
12:52 Great Hall
12:55 Watch Tower
12:56 Watch Tower
14:23 Watch Tower
14:36 Watch Tower
14:37 Watch Tower
15:34 Voodoo Lounge
15:54 Watch Tower
15:57 Watch Tower
16:13 Watch Tower
16:15 Watch Tower
19:17 Watch Tower
19:19 Watch Tower
22:13 Watch Tower
22:15 Watch Tower
25:43 Watch Tower
26:25 Watch Tower
26:26 Watch Tower
27:47 Watch Tower
27:50 Watch Tower
» items
| Healing Salve | 5 | |
| Lesser Clarity Potion | 1 | |
| Orb of Lightning | 7 | |
| Scroll of Regeneration | 4 | |
| Scroll of Town Portal | 4 | |
| Staff of Sanctuary | 2 | |
| Boots of Speed | 1 | |
| Staff of Teleportation | 1 | |
25 total

»
TIMG4STRok (
green | 80 APM | 2753 actions | 34:24)
5 Archmage
3 Blizzard
2 Brilliance Aura
4 Pandaren Brewmaster
2 Breath of Fire
2 Drunken Haze
» actions
| Assign group hotkey | 5 | |
| Basic commands | 81 | |
| Build / train | 104 | |
| ESC pressed | 2 | |
| Enter build submenu | 60 | |
| Enter hero's abilities submenu | 9 | |
| Give item / drop item | 3 | |
| Right click | 1260 | |
| Select / deselect | 231 | |
| Select group hotkey | 679 | |
| Use ability | 319 | |
2753 total
» units
| Peasant | 21 | |
| Dragonhawk Rider | 3 | |
24 total
» upgrades
| Masonry | 3 | |
| Lumber Harvesting | 2 | |
| Magic Sentry | 1 | |
| Animal War Training | 1 | |
| Armor | 2 | |
| Cloud | 1 | |
| Swords | 1 | |
11 total
» buildings
| Altar of Kings | 1 | |
| Farm | 7 | |
| Lumber Mill | 1 | |
| Scout Tower | 126 | |
| Arcane Tower | 1 | |
| Guard Tower | 38 | |
| Keep | 1 | |
| Town Hall | 2 | |
| Arcane Sanctum | 1 | |
| Arcane Vault | 2 | |
| Castle | 1 | |
| Gryphon Aviary | 2 | |
| Blacksmith | 1 | |
| Barracks | 1 | |
185 total
» build order
01:13 Altar of Kings
01:17 Farm
01:21 Lumber Mill
01:56 Scout Tower
02:04 Scout Tower
02:30 Arcane Tower
02:31 Scout Tower
02:37 Scout Tower
02:42 Farm
02:43 Guard Tower
03:00 Guard Tower
03:14 Guard Tower
03:23 Scout Tower
03:24 Scout Tower
03:25 Scout Tower
03:54 Guard Tower
03:57 Scout Tower
04:28 Guard Tower
04:30 Scout Tower
04:31 Scout Tower
04:31 Scout Tower
05:22 Keep
05:26 Guard Tower
05:46 Town Hall
05:55 Guard Tower
05:58 Scout Tower
05:58 Scout Tower
06:42 Guard Tower
06:45 Scout Tower
06:45 Scout Tower
06:56 Guard Tower
06:58 Scout Tower
06:59 Scout Tower
07:01 Scout Tower
07:01 Scout Tower
07:59 Arcane Sanctum
08:02 Guard Tower
08:44 Guard Tower
08:46 Guard Tower
09:40 Guard Tower
09:42 Scout Tower
09:42 Scout Tower
09:43 Scout Tower
09:44 Scout Tower
10:00 Arcane Vault
10:01 Arcane Vault
10:02 Scout Tower
10:03 Scout Tower
10:03 Scout Tower
10:04 Scout Tower
10:06 Scout Tower
10:06 Scout Tower
10:19 Scout Tower
10:20 Scout Tower
10:21 Scout Tower
10:22 Scout Tower
10:24 Scout Tower
10:27 Scout Tower
10:27 Scout Tower
10:29 Scout Tower
10:29 Scout Tower
10:30 Scout Tower
10:32 Scout Tower
10:32 Scout Tower
11:11 Castle
11:39 Guard Tower
11:46 Gryphon Aviary
11:49 Gryphon Aviary
12:55 Guard Tower
13:26 Guard Tower
13:28 Scout Tower
13:29 Scout Tower
13:30 Scout Tower
13:31 Scout Tower
13:32 Scout Tower
13:32 Scout Tower
14:03 Scout Tower
14:04 Scout Tower
14:05 Scout Tower
14:06 Scout Tower
14:25 Guard Tower
14:30 Farm
14:31 Farm
15:15 Guard Tower
15:44 Guard Tower
15:47 Scout Tower
15:48 Scout Tower
15:49 Scout Tower
15:49 Scout Tower
15:50 Scout Tower
15:50 Scout Tower
15:51 Scout Tower
15:53 Scout Tower
15:53 Scout Tower
16:00 Farm
16:01 Farm
16:09 Guard Tower
16:14 Farm
16:18 Blacksmith
16:19 Barracks
16:22 Guard Tower
16:33 Scout Tower
16:34 Scout Tower
16:35 Scout Tower
16:35 Scout Tower
16:36 Scout Tower
16:37 Scout Tower
16:37 Scout Tower
16:37 Scout Tower
16:38 Scout Tower
16:49 Guard Tower
16:52 Scout Tower
16:53 Scout Tower
17:34 Guard Tower
17:46 Scout Tower
17:47 Scout Tower
17:47 Scout Tower
17:48 Guard Tower
18:17 Scout Tower
18:18 Scout Tower
18:19 Guard Tower
18:48 Guard Tower
18:52 Guard Tower
19:28 Guard Tower
19:34 Scout Tower
19:35 Scout Tower
19:36 Scout Tower
19:36 Scout Tower
19:38 Guard Tower
20:08 Guard Tower
20:10 Guard Tower
20:12 Scout Tower
20:13 Scout Tower
20:14 Scout Tower
20:18 Scout Tower
20:20 Scout Tower
20:21 Scout Tower
20:21 Scout Tower
20:27 Scout Tower
20:28 Scout Tower
20:30 Scout Tower
20:31 Scout Tower
20:32 Scout Tower
20:40 Guard Tower
21:40 Guard Tower
21:44 Scout Tower
21:45 Scout Tower
21:47 Scout Tower
21:47 Scout Tower
22:36 Guard Tower
23:55 Guard Tower
24:01 Scout Tower
24:02 Scout Tower
24:03 Scout Tower
24:04 Scout Tower
24:06 Scout Tower
24:07 Scout Tower
24:08 Scout Tower
24:10 Scout Tower
24:11 Scout Tower
24:12 Scout Tower
24:13 Scout Tower
24:15 Scout Tower
24:16 Scout Tower
24:17 Scout Tower
24:18 Scout Tower
24:18 Scout Tower
24:31 Scout Tower
24:32 Scout Tower
24:33 Scout Tower
24:34 Scout Tower
24:45 Guard Tower
25:57 Scout Tower
25:57 Scout Tower
25:59 Scout Tower
25:59 Scout Tower
26:00 Scout Tower
26:01 Scout Tower
26:03 Scout Tower
26:04 Scout Tower
26:05 Scout Tower
26:06 Scout Tower
26:10 Guard Tower
31:56 Town Hall
32:23 Guard Tower
» items
| Staff of Teleportation | 4 | |
| Boots of Speed | 2 | |
| Orb of Lightning | 2 | |
| Healing Salve | 1 | |
| Lesser Clarity Potion | 1 | |
| Staff of Sanctuary | 2 | |
| Scroll of Regeneration | 1 | |
| Potion of Healing | 2 | |
| Potion of Mana | 2 | |
17 total
Chat log
(00:11 / All) iggy_the_fisk: balkan drools
(00:18 / All) BEAR_AND: the balkanization of slalom
(00:21 / All) BALKANer: yup
(00:52 / All) iggy_the_fisk: countries that are shit = lithuania, latvia, estonia
(02:01 / All) BEAR_AND: Thanks Iggy
(02:02 / All) BEAR_AND: Thiggy
(02:14 / Allies) TIMG4STRok: bless you iggy
(02:15 / All) iggy_the_fisk: (i just gave him lumber)
(02:16 / Allies) TIMG4STRok: bliggy
(02:16 / All) iggy_the_fisk: why?
(02:22 / All) iggy_the_fisk: stay in the game find out...
(02:23 / All) BALKANer: tower?
(02:28 / All) TIMG4STRok: for what purpose shall i share resource.s...
(05:04 / All) iggy_the_fisk: maybe you should feed HIM some gold now :)
(05:31 / Allies) TIMG4STRok: any lum
(08:19 / Allies) TIMG4STRok: LUm ber
(08:26 / Allies) BEAR_AND: lumbar support
(08:39 / Allies) TIMG4STRok: im freakin JFK lol...........................
(19:02 / Allies) TIMG4STRok: dhawk sent
(19:25 / Allies) TIMG4STRok: tower down so they cant fly plz
(19:52 / Allies) TIMG4STRok: where are the wyv
(19:55 / Allies) iggy_the_fisk: dead
(20:52 / All) FGH: i got morts covered
(20:56 / All) BEAR_AND: good
(26:35 / All) iggy_the_fisk: nope
(26:35 / All) TIMG4STRok: huh
(26:36 / All) BALKANer: gg
(26:39 / All) iggy_the_fisk: bitches
(27:09 / All) BALKANer: make sure u guys where condoms for the groupsex victory party
(27:13 / All) BALKANer: better safe than sorry
(27:14 / All) BEAR_AND: leave
(27:19 / All) BEAR_AND: ty
(27:20 / All) Gobiner: so wat u need to do is lemme smell yo dick
(27:40 / All) BEAR_AND: Bye
(27:42 / All) BEAR_AND: Bye-Bye
(27:43 / All) TIMG4STRok: holler
(27:44 / All) iggy_the_fisk: how you lose to tower?
(28:01 / All) Gobiner: 2ez
(28:02 / All) Gobiner: nubs
(28:06 / All) BEAR_AND: thankx for free win
(28:13 / All) BEAR_AND: needed it for 45%
(28:18 / All) TIMG4STRok: LMFAO
(28:22 / All) TIMG4STRok: this guy like 44%
(29:28 / All) BEAR_AND: yea
(29:30 / All) BEAR_AND: id leave to
(29:32 / All) BEAR_AND: o
(29:35 / All) BEAR_AND: if i was a noob
(29:36 / All) BEAR_AND: like YOU
(29:38 / All) iggy_the_fisk: those 4 cattas were his last hurrah
(32:31 / All) Gobiner: fuck I hate long games
(32:34 / All) BEAR_AND: leaVE!!!!!!!!!!!!!!!